Match 45901715
Unlisted

Match 45901715
End
Engineer Squad
Construct Barracks
Riflemen Squad
Selects Special Operations Battlegroup
Riflemen Squad
Construct Weapon Support Center
Riflemen Squad
M1919 Machine Gun Team
Air Support Center
Construct Medical Station
Selects Raiding Flares
Construct Motor Pool
Selects SSF Commando Squad
Raiding Flares
SSF Commando Squad
AI Takeover
InPicoWeTrust
Nubbl0r
0
0

Comments sign in to comment!

No comments posted yet!